[ PARTIDA AOE2 · #507383166 ]
UnrankedHunos vs Hindustanis
Equipo del jugador · DERR
[ ANÁLISIS DE REPETICIÓN · EXTRAÍDO DE LA PARTIDA GRABADA ]
Feudal
10:07
Castillos
—
Imperial
—
| APM promedio | 67.9 |
| APM pico | 88 |
| eAPM promedio | 22.3 |
| Aldeanos / militares | 22 / 4 |
Foco
⚔️ 37.4% · 🌾 62.6%
Militia ×4
Feudal
8:52
Castillos
—
Imperial
—
| APM promedio | 50.1 |
| APM pico | 62 |
| eAPM promedio | 22.0 |
| Aldeanos / militares | 20 / 3 |
Foco
⚔️ 52.7% · 🌾 47.3%
Militia ×3
Mapa de la partida
Recursos iniciales + cada clic de construcción. Líneas = muros · curvas = relieve. ◆ oro · ⬟ piedra · ● bayas · ✦ reliquia · ◌ hueco del cierre
Tu base
Base de AxD | Keiokenkun-Uno-Puro
Terreno inicial suavizado · ◌ = hueco del cierre detectado · pasá el cursor para detalles
Inputs por minuto
— Pedro - - AxD | Keiokenkun-Uno-Puro
Build order — Pedro
43 acciones detectadas en el replay
| 0:02 | Encolar | Villager (Male) |
| 0:02 | Encolar | Villager (Male) |
| 0:02 | Encolar | Villager (Male) |
| 0:02 | Encolar | Villager (Male) |
| 1:22 | Encolar | Villager (Male) |
| 1:48 | Encolar | Villager (Male) |
| 1:56 | Construir | Lumber Camp |
| 2:17 | Encolar | Villager (Male) |
| 3:06 | Encolar | Villager (Male) |
| 3:21 | Encolar | Villager (Male) |
| 4:08 | Encolar | Villager (Male) |
| 4:22 | Encolar | Villager (Male) |
| 4:32 | Encolar | Villager (Male) |
| 4:38 | Encolar | Villager (Male) |
| 4:52 | Encolar | Villager (Male) |
| 5:19 | Construir | Barracks |
| 5:42 | Encolar | Villager (Male) |
| 5:44 | Encolar | Villager (Male) |
| 6:14 | Encolar | Villager (Male) |
| 6:21 | Encolar | Militia |
| 6:21 | Encolar | Militia |
| 6:21 | Encolar | Militia |
| 6:24 | Construir | Mill |
| 6:31 | Encolar | Villager (Male) |
| 6:44 | Encolar | Militia |
| 6:46 | Encolar | Villager (Male) |
| 7:08 | Encolar | Villager (Male) |
| 7:13 | Investigar | Loom |
| 7:57 | Investigar | Feudal Age |
| 8:30 | Construir | Lumber Camp |
| 8:58 | Construir | Palisade Wall |
| 8:59 | Construir | Palisade Wall |
| 9:00 | Construir | Palisade Wall |
| 9:00 | Construir | Palisade Wall |
| 9:04 | Construir | Mining Camp |
| 9:28 | Encolar | Villager (Male) |
| 9:52 | Encolar | Villager (Male) |
| 9:55 | Construir | Palisade Wall |
| 9:57 | Construir | Palisade Wall |
| 10:01 | Construir | Palisade Wall |
| 10:02 | Construir | Palisade Wall |
| 10:04 | Construir | Palisade Wall |
| 10:07 | Edad | Edad Feudal |
Build order — AxD | Keiokenkun-Uno-Puro
42 acciones detectadas en el replay
| 0:01 | Encolar | Villager (Male) |
| 0:02 | Construir | House |
| 0:04 | Construir | House |
| 0:21 | Encolar | Villager (Male) |
| 0:22 | Encolar | Villager (Male) |
| 0:22 | Encolar | Villager (Male) |
| 1:08 | Encolar | Villager (Male) |
| 1:28 | Encolar | Villager (Male) |
| 1:48 | Construir | Lumber Camp |
| 1:58 | Encolar | Villager (Male) |
| 2:24 | Encolar | Villager (Male) |
| 2:42 | Encolar | Villager (Male) |
| 3:12 | Encolar | Villager (Male) |
| 3:35 | Encolar | Villager (Male) |
| 3:50 | Encolar | Villager (Male) |
| 4:03 | Construir | House |
| 4:09 | Investigar | Loom |
| 4:20 | Encolar | Villager (Male) |
| 4:21 | Encolar | Villager (Male) |
| 4:22 | Encolar | Villager (Male) |
| 4:30 | Construir | House |
| 4:34 | Encolar | Villager (Male) |
| 5:30 | Construir | Barracks |
| 5:52 | Encolar | Villager (Male) |
| 6:42 | Investigar | Feudal Age |
| 7:17 | Encolar | Militia |
| 7:17 | Encolar | Militia |
| 7:31 | Construir | Mining Camp |
| 7:41 | Encolar | Militia |
| 8:37 | Construir | House |
| 8:38 | Construir | House |
| 8:52 | Edad | Edad Feudal |
| 8:56 | Investigar | Man-at-Arms (upgrade) |
| 9:01 | Encolar | Villager (Male) |
| 9:15 | Construir | Palisade Wall |
| 9:17 | Construir | Palisade Wall |
| 9:26 | Construir | House |
| 9:28 | Encolar | Villager (Male) |
| 10:00 | Encolar | Villager (Male) |
| 10:02 | Construir | House |
| 10:08 | Construir | House |
| 10:11 | Construir | House |
Cronología de la partida
| 5:19 | Pedro · first_building Barracks |
| 5:30 | AxD | Keiokenkun-Uno-Puro · first_building Barracks |
| 8:52 | AxD | Keiokenkun-Uno-Puro · age_up feudal |
| 8:58 | Pedro · wall_segment Palisade Wall x1 |
| 8:59 | Pedro · wall_segment Palisade Wall x1 |
| 9:00 | Pedro · wall_segment Palisade Wall x1 |
| 9:00 | Pedro · wall_segment Palisade Wall x1 |
| 9:15 | AxD | Keiokenkun-Uno-Puro · wall_segment Palisade Wall x1 |
| 9:17 | AxD | Keiokenkun-Uno-Puro · wall_segment Palisade Wall x1 |
| 9:55 | Pedro · wall_segment Palisade Wall x1 |
| 9:57 | Pedro · wall_segment Palisade Wall x1 |
| 10:01 | Pedro · wall_segment Palisade Wall x1 |
| 10:02 | Pedro · wall_segment Palisade Wall x1 |
| 10:04 | Pedro · wall_segment Palisade Wall x1 |
| 10:07 | Pedro · age_up feudal |
| 10:18 | Pedro · resign |
[ ANÁLISIS IA · 1 CRÉDITO ]
¿Qué pasó realmente en esta partida?
Wolo.gg analiza cada decisión: build order, eco, micro, errores típicos por bracket. Análisis personalizado por WhatsApp o Discord en 30 segundos.
Guía civ
Hunos
Perfil
Jugador #339375